Map: Acid Plant LE

Players

Swatopluke

  • Race: Protoss Protoss
  • League: Platinum
  • Spawn Location: 5:00

Gannibal - Winner!

  • Race: Terran Terran
  • League: Platinum
  • Spawn Location: 11:00

VOD

Have the link to the VOD?

Description

Time

  • Played on: Nov. 14, 2018, 10:29 a.m.
  • Length: 17:17
Show
View Real Time Build Order
Export as new Build Order

Swatopluke Protoss 

Build Orders:  

Get SALT Encoding   

  12  0:01  Probe  
  13  0:13  Probe  
  14  0:18  Pylon  
  14  0:25  Probe  
  15  0:34  Probe  
  15  0:36  Gateway  
  16  0:43  Probe  
  16  0:45  Assimilator  
  17  0:54  Probe  
  18  1:01  Gateway  
  18  1:06  Probe  
  18  1:11  Assimilator  
  19  1:18  Probe  
  20  1:23  Cybernetics Core  
  20  1:30  Probe  
  21  1:33  Pylon  
  21  1:39  Warp Gate  
  21  1:42  Probe  
  22  1:54  Probe  
  22  2:00  Stalker x2  
  27  2:11  Probe  
  28  2:17  Pylon  
  28  2:29  Stalker  
  28  2:31  Probe  
  28  2:35  Stalker  
  33  2:43  Probe  
  33  3:01  Nexus  
  33  3:15  Robotics Facility  
  33  3:18  Probe  
  34  3:30  Probe  
  35  3:35  Gateway  
  35  3:42  Probe  
  35  3:47  Pylon  
  36  3:54  Probe  
  37  4:16  Stalker x2  
  39  4:20  Probe  
  39  4:21  Probe, Gateway  
  39  4:23  Assimilator  
  41  4:33  Probe  
  42  4:47  Stalker x2  
  42  4:49  Immortal  
  50  5:06  Stargate  
  50  5:13  Probe x2  
  50  5:30  Stalker  
  50  5:31  Stalker  
  50  5:34  Immortal  
  54  5:39  Void Ray  
  52  5:48  Stalker x2  
  60  6:07  Probe  
  60  6:08  Probe  
  60  6:31  Assimilator  
  60  6:33  Pylon  
  60  6:34  Pylon  
  60  6:36  Pylon  
  60  6:45  Probe x2  
  62  6:50  Void Ray  
  62  6:51  Immortal  
  62  6:53  Stalker x2  
  62  6:54  Stalker x2  
  76  6:57  Probe x2  
  80  7:09  Probe x2  
  82  7:20  Stalker x2  
  86  7:28  Pylon  
  86  7:29  Pylon  
  86  7:46  Probe x2, Immortal  
  86  7:47  Void Ray  
  86  7:50  Stalker  
  86  7:51  Stalker x2  
  102  8:08  Pylon  
  102  8:09  Pylon  
  102  8:11  Pylon  
  102  8:13  Pylon  
  102  8:26  Probe x2, Observer, Nexus  
  105  8:32  Void Ray  
  101  8:38  Probe x2  
  99  8:47  Observer  
  104  8:50  Probe  
  104  8:53  Assimilator  
  105  9:05  Probe  
  105  9:06  Probe  
  105  9:07  Assimilator  
  107  9:12  Void Ray  
  111  9:26  Stargate  
  111  9:38  Probe x3  
  114  9:55  Void Ray  
  114  9:59  Stalker x4  
  116  10:14  Forge  
  116  10:17  Forge  
  116  10:21  Immortal  
  120  10:38  Void Ray  
  102  10:56  Stalker  
  102  10:57  Stalker x3  
  78  11:03  Observer  
  68  11:06  Probe x2  
  68  11:07  Void Ray  
  74  11:20  Twilight Council  
  72  11:34  Void Ray  
  76  11:50  Observer, Gateway  
  76  11:52  Gateway  
  76  11:53  Charge  
  76  11:54  Gateway x2  
  76  11:56  Void Ray  
  76  11:59  Probe x3  
  84  12:11  Probe  
  84  12:12  Probe x2  
  87  12:18  Zealot  
  87  12:19  Zealot x3  
  72  12:45  Stalker x3  
  72  12:46  Stalker  
  66  12:51  Probe x2  
  64  13:12  Phoenix x2  
  68  13:18  Pylon, Probe x2  
  68  13:19  Probe  
  71  13:25  Zealot  
  71  13:26  Zealot x3  
  70  13:31  Protoss Ground Weapons Level 1  
  50  13:43  Void Ray x2  
  50  13:47  Zealot x4  
  66  13:54  Gateway  
  66  13:57  Probe x2, Gateway  
  66  13:59  Probe  
  66  14:00  Gateway  
  69  14:05  Probe x2  
  69  14:07  Probe, Zealot  
  69  14:08  Zealot x4  
  81  14:13  Probe  
  81  14:14  Probe  
  84  14:28  Probe x2  
  86  14:39  Void Ray  
  86  14:40  Zealot x2, Void Ray  
  86  14:41  Zealot x3  
  104  14:48  Probe x2  
  106  15:26  Probe x2  
  106  15:27  Void Ray x2  
  116  15:33  Zealot x3  
  116  15:34  Zealot  
  120  16:10  Void Ray  
  94  16:16  Void Ray  
  94  16:17  Zealot  
  94  16:18  Zealot x3  
  80  16:19  Zealot  
  80  16:22  Probe x3  
  89  16:34  Probe x3  
  89  16:38  Templar Archives  
  92  16:46  Probe  
  93  16:49  Nexus  
  97  16:59  Zealot  
  97  17:00  Zealot x2  
Show
View Real Time Build Order
Export as new Build Order

Gannibal Terran - Winner!

Build Orders: Reaper Expand 

Get SALT Encoding   

  12  0:01  SCV  
  13  0:13  SCV  
  14  0:17  Supply Depot  
  14  0:25  SCV  
  15  0:38  SCV  
  15  0:40  Barracks  
  16  0:45  Refinery  
  16  0:50  SCV  
  17  1:03  SCV  
  18  1:15  SCV  
  19  1:29  Supply Depot  
  19  1:30  Reaper  
  19  1:31  Orbital Command  
  20  1:37  Refinery  
  20  2:00  Command Center  
  20  2:05  SCV  
  21  2:18  SCV  
  21  2:22  Barracks Reactor  
  22  2:30  SCV  
  22  2:35  Factory  
  23  2:42  SCV  
  24  3:01  Marine x2  
  25  3:08  Bunker  
  25  3:12  SCV  
  26  3:18  Orbital Command  
  26  3:19  Marine x2  
  28  3:21  Refinery  
  28  3:24  SCV  
  29  3:27  Factory Tech Lab  
  29  3:33  Starport  
  29  3:39  Barracks  
  29  3:41  Barracks, Marine x2  
  29  3:46  SCV x2  
  32  3:58  SCV  
  32  3:59  Marine x2  
  34  4:10  Siege Tank  
  34  4:14  SCV  
  34  4:15  SCV  
  38  4:21  Marine  
  39  4:26  Starport Reactor  
  39  4:27  SCV x2  
  39  4:28  Barracks Tech Lab x2  
  39  4:39  SCV  
  39  4:40  SCV  
  40  4:50  Siege Tank  
  43  5:00  Marine x2  
  44  5:07  SCV x2  
  45  5:18  Marine x2  
  45  5:19  SCV x2  
  42  5:31  SCV  
  40  5:35  Marine x2  
  40  5:36  Marine x2  
  40  5:42  Medivac  
  46  5:43  Supply Depot  
  45  5:50  Bunker  
  45  5:53  Marine  
  46  6:04  Marine x3  
  48  6:11  Marine  
  49  6:22  Marine x2  
  49  6:23  SCV  
  49  6:24  SCV  
  53  6:35  SCV  
  53  6:37  Supply Depot  
  54  6:52  Supply Depot  
  54  6:56  Stimpack  
  54  6:58  SCV x2, Viking x2, Combat Shield  
  54  7:00  Supply Depot  
  60  7:10  SCV x2  
  60  7:15  Supply Depot  
  59  7:20  Siege Tank  
  62  7:23  SCV x2  
  62  7:28  Viking x2  
  68  7:35  SCV x2  
  70  7:41  Liberator x2  
  68  7:47  SCV x2  
  68  7:48  Marine x4  
  74  7:53  Supply Depot  
  74  7:59  SCV x2  
  82  8:05  Marine  
  82  8:06  Marine x3  
  82  8:07  Bunker  
  86  8:15  SCV  
  82  8:39  Marine x4  
  82  8:41  Medivac x2  
  90  8:57  Marine x4  
  90  9:01  Supply Depot  
  94  9:07  Concussive Shells  
  94  9:22  Marine x4, Medivac  
  94  9:23  Supply Depot  
  100  9:26  Viking  
  102  9:44  Marine x4, Siege Tank  
  109  9:45  Supply Depot  
  109  10:01  Viking  
  109  10:02  Marine  
  110  10:07  Marine, Marauder x2, Viking  
  110  10:09  Engineering Bay  
  114  10:20  Marine, Supply Depot x2  
  115  10:22  Supply Depot, Siege Tank  
  115  10:27  Marine  
  117  10:35  Engineering Bay  
  117  10:37  Marine  
  117  10:38  Viking  
  117  10:39  Marauder  
  117  10:40  Marauder, Viking  
  113  10:45  Marine  
  113  10:46  Supply Depot  
  103  10:54  Siege Tank  
  103  10:55  Marine  
  95  11:00  Marauder  
  95  11:01  Marine  
  95  11:03  Marine, SCV x2  
  98  11:07  Command Center  
  98  11:13  Marine  
  98  11:15  SCV x2  
  101  11:19  Marine  
  101  11:21  Marine x2  
  104  11:27  SCV  
  104  11:31  Marine  
  106  11:37  Marine  
  106  11:39  Marine x2  
  109  11:49  Marine  
  109  11:53  Siege Tank  
  113  11:55  Marine  
  113  11:56  Marine  
  113  11:57  Marine  
  116  12:03  Barracks  
  116  12:07  Marine  
  117  12:12  Marine  
  117  12:14  Marine x2  
  120  12:24  Marine  
  120  12:25  Siege Tank  
  122  12:31  Marauder  
  122  12:32  Marine  
  122  12:33  Marauder  
  108  12:52  Marauder  
  108  12:54  Marauder  
  108  12:58  Siege Tank  
  103  13:30  Siege Tank  
  103  13:32  Marine x3, Marauder  
  111  13:50  Marine x3  
  111  13:53  Marine  
  111  13:54  Barracks Reactor  
  115  13:57  Barracks  
  115  14:02  Siege Tank  
  118  14:08  Marine x2, Marauder  
  122  14:12  Marauder  
  124  14:22  Missile Turret  
  123  14:25  Marine  
  123  14:26  Marine  
  123  14:28  Viking x2  
  123  14:29  Marine  
  129  14:32  Marine  
  129  14:34  Siege Tank  
  133  14:43  Marine x2, Planetary Fortress  
  135  14:47  Marine  
  136  14:58  Medivac, Viking  
  136  14:59  Marine x2, Barracks Reactor  
  141  15:00  Marine  
  141  15:01  Marine x2  
  141  15:05  Marine  
  141  15:06  Siege Tank  
  148  15:17  Marine x2  
  148  15:18  Marine  
  148  15:19  Marine x2  
  153  15:23  Marine  
  154  15:32  Refinery x2  
  154  15:35  Marine x3  
  156  15:37  Marine x2  
  156  15:41  Marine  
  160  15:47  Missile Turret  
  158  15:52  Missile Turret  
  157  16:05  Marine x8  
  154  16:29  Missile Turret  
  154  16:42  Marine x3  
  154  16:43  Marine x5  
  162  16:49  Missile Turret  
Tags
 
Add a new tag
Caveats
  • Supply blocks, unpowered buildings, or Contaminate may cause inaccurate times.
  • Supply counts are checked every 10 seconds.